 Dungeon Crawl Stone Soup version 0.19-b1-5-gdc9fa9d (webtiles) character file.

5222 Krapule the Grappler (level 10, -16/92 HPs)
             Began as a Troll Monk on Oct 31, 2016.
             Was a High Priest of Cheibriados.
             Demolished by a very large slime creature (30 damage)
             ... on level 9 of the Dungeon.
             The game lasted 00:22:33 (6650 turns).

Krapule the Grappler (Troll Monk)                   Turns: 6650, Time: 00:22:34

Health: -16/92     AC:  7    Str: 33    XL:     10   Next: 35%
Magic:  9/9        EV: 13    Int: 21    God:    Cheibriados [*****.]
Gold:   544        SH: 12    Dex: 26    Spells: 0 memorised, 9 levels left

rFire  . . .     SeeInvis .       - Unarmed
rCold  . . .     Gourm    +     j - +1 animal skin
rNeg   . . .     Faith    .     C - +0 shield
rPois  .         Spirit   .     (helmet restricted)
rElec  .         Reflect  .     q - +0 cloak
rCorr  .         Harm     .     (gloves unavailable)
MR     .....                    (boots unavailable)
Stlth  +++.......               E - amulet of rage
                                (no ring)
                                l - ring of stealth

@: very slow
A: unfitting armour, claws 3, agile 1, fast metabolism 3, gourmand, regeneration
1, shaggy fur 1, tough skin 2
a: Bend Time, Temporal Distortion, Slouch, Step From Time, Renounce Religion,
Evoke Berserk Rage


You were on level 9 of the Dungeon.
You worshipped Cheibriados.
Cheibriados was extremely pleased with you.
You were very full.

You visited 2 branches of the dungeon, and saw 12 of its levels.

You collected 544 gold pieces.

Inventory:

Armour
 j - a +1 animal skin (worn)
 q - a +0 cloak (worn)
 C - a +0 shield (worn)
Magical Staves
 h - an uncursed staff of earth
Jewellery
 l - a ring of stealth (left claw)
 E - an amulet of rage (around neck)
Wands
 d - a wand of polymorph (10/24)
 o - a wand of flame (18/48)
 t - a wand of lightning (9/15)
 z - a wand of iceblast (5/15)
 A - a wand of flame (22/48)
 B - a wand of polymorph (13/24)
 G - a wand of disintegration (7/24)
 I - a wand of acid (14/15)
Scrolls
 a - 2 scrolls of fog
 c - 2 scrolls of fear
 p - 2 scrolls of enchant weapon
 s - 2 scrolls of remove curse
 w - a scroll of recharging
 x - 6 scrolls of amnesia
 y - a scroll of teleportation {unknown}
 H - a scroll of blinking
 J - a scroll of noise {unknown}
 L - a scroll of identify
Potions
 e - a potion of might
 g - 3 potions of lignification
 i - 6 potions of curing
 k - a potion of ambrosia
 n - 2 potions of brilliance
 r - a potion of flight
 u - 3 potions of heal wounds
 v - 3 potions of resistance
 D - a potion of magic {unknown}
Comestibles
 b - 5 bread rations
 f - 2 meat rations
 m - 2 slices of pizza
 F - 2 beef jerkies


   Skills:
 + Level 4.0 Fighting
 + Level 5.2 Dodging
 - Level 1.0 Stealth
 + Level 5.1 Shields
 + Level 12.4 Unarmed Combat


You had 9 spell levels left.
You didn't know any spells.

Dungeon Overview and Level Annotations

Branches:
Dungeon (11/15)            Temple (1/1) D:6             Orc (0/2) D:9
   Lair: D:8-11

Altars:
Ashenzari
Cheibriados
Dithmenos
Elyvilon
Fedhas
Gozag
Hepliaklqana
Nemelex Xobeh
Okawaru
Qazlal
Ru
Sif Muna
Uskayaw
Vehumet
Xom
Yredelemnul
Zin
The Shining One

Shops:
D:8 %   D:9 !   D:11 }


Innate Abilities, Weirdness & Mutations

You are too large for most types of armour.
You have claws for hands.
Your metabolism is lightning-fast.
You like to eat raw meat.
Your natural rate of healing is unusually fast.
You are covered in fur. (AC +1)
You have very tough skin. (AC +2)
You are agile. (Dex +2)


Message History

You scratch the slime creature.
The slime creature is lightly wounded.
You block the slime creature's attack.
You claw the slime creature!
The slime creature is moderately wounded.
Two slime creatures merge to form a large slime creature.
You scratch the large slime creature but do no damage.
The large slime creature is lightly wounded.
You barely miss the large slime creature.
The large slime creature is lightly wounded.
The large slime creature hits you!!
Two slime creatures merge to form a very large slime creature.
Items here: ( ))) [[ รท You block the very large slime creature's attack.
The very large slime creature hits you!!!
* * * LOW HITPOINT WARNING * * *
You see here a hand axe.
You are too injured to fight recklessly!
The very large slime creature hits you!!
You die...

##..# #..# ..# #..#
#.# #..# ##'##
#..####...## ..
#.....#.8.. .8.
#..##.#... #..
#..##.##.# ###'#
#..##.##@# ...#
##..##.##J# .>.#
#...#..##.##...#
#......##)#'#
#...#[)#.(.##
##...)))[8.#
#########..####...#
#..........# #'###
#.#######.## #.#


You could see a very large slime creature.

Vanquished Creatures
  Joseph (D:7)
  2 hippogriffs
  6 yaks (D:9)
  A wyvern (D:11)
  Eustachio (D:6)
  3 orc warriors
  A black bear (D:7)
  A sky beast (D:8)
  5 ogres
  2 phantoms
  2 centaurs
  Blork the orc (D:6)
  4 bullfrogs
  4 scorpions
  A water moccasin skeleton (D:7)
  6 wights
  A howler monkey (D:5)
  2 crimson imps (D:8)
  A bullfrog zombie (D:11)
  An orc priest (D:9)
  3 centaur skeletons
  7 hounds
  3 jellies
  2 bullfrog skeletons
  6 orc wizards
  An iguana (D:4)
  8 worker ants
  Robin (D:2)
  3 worker ant zombies
  4 gnolls (D:6)
  8 adders
  2 shadow imps
  A white imp (D:4)
  2 adder skeletons
  3 adder zombies
  3 worms
  6 leopard geckos
  40 orcs
  4 bats
  3 giant cockroaches
  17 goblins
  4 hobgoblins
  19 jackals
  4 quokkas
  2 ball pythons
  4 frilled lizards
  A goblin skeleton (D:4)
  A goblin zombie (D:4)
  4 hobgoblin zombies (D:4)
  A jackal skeleton (D:8)
  11 kobolds
  A kobold skeleton (D:4)
  A kobold zombie (D:4)
  An orc zombie (D:4)
  7 rats
234 creatures vanquished.

Notes
Turn   | Place    | Note
-------+----------+-------------------------------------------
     0 | D:1      | Krapule the Troll Monk began the quest for the Orb.
     0 | D:1      | Reached XP level 1. HP: 22/22 MP: 0/0
   297 | D:1      | Reached XP level 2. HP: 25/29 MP: 1/1
   534 | D:2      | Noticed Robin
   556 | D:2      | Killed Robin
   556 | D:2      | Reached XP level 3. HP: 5/36 MP: 2/2
   758 | D:2      | Reached skill level 4 in Unarmed Combat
   831 | D:2      | Reached XP level 4. HP: 44/44 MP: 3/3
  1042 | D:2      | Found a shimmering altar of Xom.
  1044 | D:2      | Found a shimmering altar of Xom.
  1115 | D:2      | Found a shimmering altar of Xom.
  1793 | D:3      | Reached XP level 5. HP: 44/52 MP: 4/4
  2088 | D:4      | Reached skill level 5 in Unarmed Combat
  2107 | D:4      | Noticed a phantom
  2142 | D:4      | Killed a phantom
  2142 | D:4      | Reached XP level 6. HP: 35/59 MP: 5/5
  2167 | D:4      | Found a shadowy altar of Dithmenos.
  2271 | D:4      | Found a glowing golden altar of the Shining One.
  2318 | D:4      | Reached skill level 6 in Unarmed Combat
  2905 | D:5      | Entered Level 5 of the Dungeon
  2942 | D:5      | Found a sacrificial altar of Ru.
  3047 | D:5      | Reached XP level 7. HP: 65/67 MP: 6/6
  3312 | D:5      | Reached skill level 7 in Unarmed Combat
  3720 | D:6      | Found a staircase to the Ecumenical Temple.
  3723 | D:6      | Reached skill level 8 in Unarmed Combat
  3737 | Temple   | Entered the Ecumenical Temple
  3807 | Temple   | Became a worshipper of Cheibriados the Contemplative
  3807 | Temple   | Reached * piety under Cheibriados
  3807 | Temple   | Reached ** piety under Cheibriados
  3838 | D:6      | Found a deep blue altar of Sif Muna.
  3943 | D:6      | Reached XP level 8. HP: 68/75 MP: 7/7
  4106 | D:6      | Noticed Blork the orc
  4118 | D:6      | Noticed Eustachio
  4121 | D:6      | Killed Blork the orc
  4125 | D:6      | Killed Eustachio
  4125 | D:6      | Reached skill level 9 in Unarmed Combat
  4141 | D:6      | Reached skill level 5 in Dodging
  4306 | D:6      | Gained mutation: You are agile. (Dex +2) [potion of beneficial mutation]
  4441 | D:7      | Reached skill level 1 in Shields
  4484 | D:7      | Noticed a hippogriff
  4494 | D:7      | Killed a hippogriff
  4630 | D:7      | Reached skill level 10 in Unarmed Combat
  4638 | D:7      | Reached XP level 9. HP: 66/83 MP: 8/8
  4651 | D:7      | Reached *** piety under Cheibriados
  5003 | D:7      | Noticed Joseph
  5012 | D:7      | Killed Joseph
  5012 | D:7      | Reached skill level 11 in Unarmed Combat
  5237 | D:8      | Found Loecuapo's Food Shop.
  5240 | D:8      | Found an iron altar of Okawaru.
  5334 | D:8      | You fall through a shaft for 3 floors!
  5346 | D:11     | Found Fanunga's Gadget Boutique.
  5381 | D:11     | Reached **** piety under Cheibriados
  5576 | D:11     | Noticed a purple ugly thing
  5584 | D:10     | Entered Level 10 of the Dungeon
  5672 | D:9      | Reached XP level 10. HP: 52/92 MP: 9/9
  5809 | D:8      | Reached skill level 12 in Unarmed Combat
  5888 | D:8      | Reached skill level 5 in Shields
  6428 | D:9      | Reached ***** piety under Cheibriados
  6442 | D:9      | Found a staircase to the Orcish Mines.
  6535 | D:9      | Found Doujeopn's Distillery.
  6650 | D:9      | Demolished by a very large slime creature

Skill      XL: |  1  2  3  4  5  6  7  8  9 10 |
---------------+-------------------------------+-----
Unarmed Combat | 4 5 6 8 10 11 12 | 12.4
Dodging        | 3 4 5 |  5.2
Fighting       | 3 4 |  4.0
Shields        | 1 4 5 |  5.1
Stealth        | |  1.0

Action                   |  1- 3 |  4- 6 |  7- 9 | 10-12 || total
-------------------------+-------+-------+-------+-------++-------
Melee: Unarmed           |    80 |   200 |   240 |   104 ||   624
       Punch             |       |     6 |     5 |       ||    11
  Use: Scroll            |       |       |    15 |     2 ||    17
       Potion            |       |       |     1 |       ||     1
 Stab: Sleeping          |     2 |     3 |     3 |       ||     8
       Distracted        |       |     2 |       |       ||     2
  Eat: Chunk             |    13 |    17 |    22 |     6 ||    58
Armor: Robe              |     7 |       |       |       ||     7
       Animal skin       |    19 |    66 |    39 |    14 ||   138
Dodge: Dodged            |    39 |   118 |    82 |    28 ||   267
Block: Shield            |       |       |    78 |    32 ||   110
